 Dungeon Crawl Stone Soup version 0.27.1-3-gb3d3a73c9e (webtiles) character file.

Game seed: 16061362620442547007

44 styxcanada the Sneak (level 3, -4/18 HPs)
             Began as a Spriggan Brigand on Oct 18, 2021.
             Splashed by an acid dragon's acid (13 damage)
             ... on level 4 of the Dungeon.
             The game lasted 00:04:46 (1622 turns).

styxcanada the Sneak (Spriggan Brigand)             Turns: 1622, Time: 00:04:47

Health: -4/18      AC: -1    Str:  7    XL:     3   Next: 41%
Magic:  4/4        EV: 16    Int: 12    God:
Gold:   60         SH:  0    Dex: 17    Spells: 2/2 levels left

rFire    . . .     SeeInvis +   a - +2 dagger
rCold    . . .     Faith    .   (shield restricted)
rNeg     + . .     Spirit   .   b - +0 robe
rPois    .         Reflect  .   (helmet restricted)
rElec    .         Harm     .   c - +0 cloak
rCorr    .         Rampage  .   (gloves unavailable)
Will     .....                  (boots unavailable)
Stlth    ++++......             (no amulet)
HPRegen  0.06/turn              g - ring of positive energy
MPRegen  0.09/turn              (no ring)

@: corroded, very quick
A: very small, no large weapons, unfitting armour, see invisible, speed 3
a: no special abilities


You were on level 4 of the Dungeon.
You visited 1 branch of the dungeon, and saw 3 of its levels.

You collected 60 gold pieces.

Inventory:

Hand Weapons
 a - a +2 dagger (weapon)
Missiles
 d - 6 poisoned darts (quivered)
 e - 2 curare-tipped darts
 i - 54 stones
Armour
 b - a +0 robe (worn)
 c - a +0 cloak (worn)
Jewellery
 g - a ring of positive energy (left hand)
Scrolls
 k - a scroll of identify {unknown}
Potions
 f - 2 potions of degeneration {unknown}
 h - a potion of attraction {unknown}
 j - a potion of brilliance {unknown}


   Skills:
 * Level 2.0 Fighting
 + Level 2.3 Short Blades
 + Level 2.0 Throwing
 * Level 1.6 Dodging
 * Level 7.3 Stealth


You had 2 spell levels left.
You didn't know any spells.
Your spell library was empty.

Dungeon Overview and Level Annotations

Branches:
Dungeon (2/15)             Temple (0/1) D:4

Altars:

Shops:
D:2 !


Innate Abilities, Weirdness & Mutations

You are very small and have problems with some larger weapons.
You are too small for most types of armour.
You have supernaturally acute eyesight. (SInv)
You cover ground extremely quickly. (Speed+++)


Message History

You closely miss the bat. The bat barely misses you. The bat misses you.
You hit the bat.
The bat is heavily wounded.
The bat closely misses you.
You barely miss the bat.
The bat is heavily wounded.
The bat barely misses you.
You hit the bat.
You kill the bat!
i - 54 stones (gained 23)
There is a stone staircase leading down here.
You now have 60 gold pieces (gained 17).
You start resting.
HP restored.
Found a murky brown potion.
The frilled lizard hisses angrily.
Found a lumpy blue potion.
f - a murky brown potion The adder hisses angrily.
You fall into a shaft and drop 2 floors!
The shaft crumbles and collapses.
Found 14 gold pieces and a murky brown potion.
Found a stone staircase leading down.
Found a stone staircase leading up.
f - 2 murky brown potions (gained 1)
Found a staircase to the Ecumenical Temple.
An acid dragon and an orc wizard come into view.
The acid dragon roars!
The orc wizard shouts!
You see here 14 gold pieces.
You hit the acid dragon but do no damage.
The acid dragon closely misses you. The acid dragon claws you.
You hit the acid dragon but do no damage.
The acid dragon completely misses you. The acid dragon barely misses you.
You hit the acid dragon.
The acid dragon is lightly wounded.
The acid dragon spits acid at you. The splash of acid hits you!
The acid corrodes you!
You are splashed with acid!
Ouch! That really hurt!
You die...

.#.<#.## .#......
#####+##...#...#
#.........##...#
#........##....
#.......##..# #
####.#..........# .##
............>...##...##.
#######........$@D.>....
#..........##...##.
..............# .##
###.######.##..# # #.
#..##.. .. #...##.. ...
#.... ... ..o


You could see an acid dragon (catching breath).

Vanquished Creatures
  A worm (D:2)
  2 dart slugs
  5 ball pythons
  4 bats
  2 endoplasms
  A giant cockroach (D:1)
  2 goblins
  A hobgoblin (D:1)
  3 kobolds
  5 quokkas
  3 frilled lizards
  4 rats
33 creatures vanquished.

Notes
Turn   | Place    | Note
-------+----------+-------------------------------------------
     0 | D:1      | styxcanada the Spriggan Brigand began the quest for the
                  | Orb.
     0 | D:1      | Reached XP level 1. HP: 10/10 MP: 2/2
    24 | D:1      | Reached skill level 6 in Stealth
   274 | D:1      | Reached XP level 2. HP: 15/15 MP: 3/3
   451 | D:1      | You fall into a shaft and drop 1 floor!
   502 | D:2      | Found a faded altar of an unknown god.
   637 | D:2      | Reached skill level 7 in Stealth
   760 | D:2      | Reached XP level 3. HP: 16/18 MP: 4/4
  1554 | D:2      | Found Hus Mas's Distillery.
  1604 | D:2      | You fall into a shaft and drop 2 floors!
  1617 | D:4      | Found a staircase to the Ecumenical Temple.
  1618 | D:4      | Noticed an acid dragon
  1622 | D:4      | Splashed by an acid dragon's acid

Illustrated notes

Levels and vault maps discovered:
D:1:      giann_horns, layout_rooms, minmay_misc_feat_square
D:2:      layout_rooms, serial_shops, shop, basic_ecumenical_altar,
          serial_bayou_lagoon_a, minmay_quadrilaterals
D:4:      layout_basic, minmay_temple_entry_waves, uniq_edmund

Skill      XL: |  1  2 |
---------------+-------+-----
Stealth        | 6 7 |  7.3
Fighting       | 2 |  2.0
Short Blades   | |  2.3
Throwing       | |  2.0
Dodging        | |  1.6

Action                   || total
-------------------------++-------
Melee: Dagger            ||   102
Throw: Dart              ||    13
  Use: Scroll            ||     1
 Stab: Sleeping          ||     8
Armor: Robe              ||    17
Dodge: Dodged            ||    66
